Map: Dusk Towers

Players

LindyHop

  • Race: Zerg Zerg
  • League: Platinum

ImmaGination - Winner!

  • Race: Terran Terran
  • League: Platinum

VOD

Have the link to the VOD?

Description

Time

  • Played on: Jan. 20, 2016, 7:48 p.m.
  • Length: 8:15
Show
View Real Time Build Order
Export as new Build Order

LindyHop Zerg 

Build Orders: Pool First 

Get SALT Encoding   

  12  0:01  Drone  
  13  0:12  Overlord  
  13  0:17  Drone  
  14  0:30  Drone  
  14  0:31  Drone  
  16  0:37  Drone  
  17  0:45  Spawning Pool  
  17  0:48  Drone  
  17  0:55  Drone  
  18  1:00  Extractor  
  17  1:18  Hatchery  
  17  1:23  Drone x2  
  18  1:33  Queen  
  20  1:41  Overlord  
  20  1:46  Drone  
  21  1:49  Drone  
  22  2:00  Drone  
  23  2:14  Queen  
  25  2:15  Drone  
  25  2:20  Roach Warren  
  24  2:24  Metabolic Boost  
  24  2:34  Queen  
  26  2:40  Zergling x4  
  27  3:02  Drone  
  27  3:03  Drone x4  
  32  3:17  Drone x4  
  32  3:19  Overlord  
  36  3:29  Lair  
  36  3:39  Evolution Chamber  
  36  3:40  Evolution Chamber  
  34  3:52  Drone  
  35  4:00  Drone x3  
  35  4:01  Hatchery  
  37  4:08  Roach  
  39  4:13  Roach x2  
  39  4:15  Overlord  
  43  4:29  Overlord  
  43  4:44  Drone  
  43  4:45  Drone  
  44  4:49  Extractor x2  
  44  4:50  Zerg Ground Armor Level 1  
  42  4:54  Drone x4  
  42  4:57  Extractor  
  45  5:04  Drone x3  
  45  5:05  Drone x2  
  50  5:16  Drone x4  
  54  5:25  Drone x4, Baneling Nest  
  54  5:28  Drone  
  57  5:42  Drone x2  
  55  5:58  Zergling x16  
  55  6:03  Zergling x2  
  60  6:10  Zergling x4  
  58  6:12  Zergling x2  
  59  6:24  Zergling x6  
  59  6:25  Zergling x4  
  61  6:30  Zergling x2  
  61  6:32  Zergling x2  
  56  6:37  Roach, Extractor x2  
  56  6:38  Burrow  
  58  6:40  Roach  
  58  6:41  Roach  
  60  6:47  Zergling x2  
  60  6:53  Drone x2  
  63  6:59  Drone  
  64  7:10  Drone x2  
  64  7:11  Overlord  
  64  7:12  Overlord  
  66  7:16  Overlord  
  66  7:21  Spore Crawler, Spine Crawler  
  64  7:23  Spine Crawler  
  64  7:26  Drone  
  64  7:27  Drone x2, Spore Crawler  
  65  7:30  Queen  
  65  7:31  Spine Crawler  
  65  7:35  Zergling x6  
  68  7:41  Roach x2  
  68  7:42  Roach x2  
  68  7:43  Zergling x2  
  77  7:52  Baneling Nest  
  77  7:53  Zergling x4  
  77  7:54  Zergling x4  
  77  7:55  Zergling x2  
  81  8:00  Spine Crawler  
  81  8:01  Spine Crawler  
Show
View Real Time Build Order
Export as new Build Order

ImmaGination Terran - Winner!

Build Orders: Reaper Expand 

Get SALT Encoding   

  12  0:01  SCV  
  13  0:13  SCV  
  14  0:24  Supply Depot  
  14  0:25  SCV  
  15  0:29  Refinery  
  15  0:45  SCV  
  15  0:47  Barracks  
  16  0:57  SCV  
  17  1:09  SCV  
  18  1:21  SCV  
  19  1:34  Supply Depot, Orbital Command  
  19  1:36  Reaper  
  20  1:54  Command Center  
  20  2:04  Factory  
  20  2:21  SCV  
  21  2:25  Barracks Reactor  
  21  2:26  Barracks  
  21  2:31  Barracks  
  21  2:33  SCV  
  22  2:45  SCV  
  23  2:58  SCV  
  24  3:10  SCV  
  24  3:11  Orbital Command  
  24  3:12  Barracks Tech Lab  
  25  3:14  Hellion x2  
  25  3:18  Starport  
  25  3:19  Marine x2  
  31  3:22  SCV  
  33  3:34  SCV  
  33  3:37  Marine  
  34  3:46  SCV  
  34  3:52  SCV  
  35  3:58  SCV  
  35  4:00  Command Center, Marine x3  
  39  4:06  Supply Depot  
  39  4:14  SCV x2  
  41  4:17  Marine  
  41  4:18  Medivac, Marine x2  
  46  4:28  Medivac  
  48  4:35  Marine x2  
  48  4:36  Marine  
  49  4:43  SCV x2  
  49  4:53  Barracks, Marine x3  
  49  4:54  Refinery  
  49  4:57  Barracks  
  49  4:59  Barracks  
  52  5:01  Stimpack  
  52  5:11  Marine x3  
  52  5:12  Factory Tech Lab  
  55  5:29  Marine x3  
  58  5:39  Engineering Bay  
  58  5:41  Supply Depot, Engineering Bay  
  58  5:42  Barracks Reactor  
  58  5:45  Marine  
  58  5:46  Marine  
  58  5:47  Marine x3  
  63  6:02  Marine  
  63  6:04  Marine x3  
  65  6:05  Marine  
  68  6:12  Siege Tank  
  71  6:20  Marine  
  71  6:21  Marine  
  71  6:22  Marine x2  
  71  6:23  Marauder  
  73  6:33  Marine x2  
  73  6:35  SCV x2  
  77  6:51  Marine  
  77  6:53  Orbital Command  
  77  7:00  Supply Depot  
  77  7:01  Supply Depot  
  77  7:08  Armory  
  77  7:13  Marine x6  
  77  7:14  Marauder  
  85  7:27  SCV x3  
  88  7:31  Marine x5  
  88  7:35  Marauder  
  88  7:36  Marine  
  96  7:39  SCV x2  
  96  7:43  Bunker  
  98  7:48  SCV  
  98  7:49  Marine x5  
  107  7:54  Marine  
  107  7:55  SCV x2  
  112  8:00  SCV  
Tags
 
Add a new tag
Caveats
  • Supply blocks, unpowered buildings, or Contaminate may cause inaccurate times.
  • Supply counts are checked every 10 seconds.